 Dungeon Crawl Stone Soup version 0.30.1-11-g7821555f0a (webtiles) character file.

Game seed: 12477021606890862858

322 Skitler the Chopper (level 6, 0/45 (47) HPs)
             Began as a Demonspawn Gladiator on Jan 9, 2024.
             Slain by a wight
             ... wielding a +0 spear
              (6 damage)
             ... on level 3 of the Dungeon.
             The game lasted 00:04:37 (2113 turns).

Skitler the Chopper (Demonspawn Gladiator)          Turns: 2113, Time: 00:04:38

HP:   0/45 (47)     AC: 13    Str: 16    XL:     6   Next: 22%
MP:   6/6           EV: 12    Int: 10    God:
Gold: 183           SH:  4    Dex: 14    Spells: 5/5 levels left

rFire   . . .        a - +0 war axe
rCold   . . .        (no shield)
rNeg    . . .        b - +0 leather armour
rPois   +            c - +0 helmet
rElec   .            (no cloak)
rCorr   .            q - +2 pair of gloves
SInv    .            (no boots)
Will    .....        (no amulet)
Stlth   +            i - ring of poison resistance
HPRegen 0.27/turn    (no ring)
MPRegen 0.10/turn

%: no passive effects
@: lightly drained
A: yellow scales 1, icemail 1, spiny 1, condensation shield
a: no special abilities


You were on level 3 of the Dungeon.
You visited 1 branch of the dungeon, and saw 3 of its levels.

You collected 183 gold pieces.

Inventory:

Hand Weapons
 a - a +0 war axe (weapon)
Missiles
 e - 3 javelins (quivered)
Armour
 b - a +0 leather armour (worn)
 c - a +0 helmet (worn)
 q - a +2 pair of gloves (worn)
Jewellery
 i - a ring of poison resistance (left hand)
Wands
 r - a wand of mindburst (20)
Scrolls
 j - 2 scrolls of magic mapping {unknown}
 k - 2 scrolls of identify {unknown}
 l - a scroll of teleportation {unknown}
 n - 2 scrolls of blinking {unknown}
 p - a scroll of silence {unknown}
 s - a scroll of vulnerability {unknown}
 t - a scroll of immolation {unknown}
Potions
 f - 2 potions of berserk rage
 g - 2 potions of ambrosia {unknown}
 h - 2 potions of curing {unknown}
 m - a potion of degeneration {unknown}
 o - a potion of attraction {unknown}


   Skills:
 + Level 3.0 Fighting
 + Level 4.9 Axes
 + Level 2.1 Throwing
 + Level 1.9 Armour
 + Level 3.3 Dodging
 + Level 0.5 Stealth
 + Level 0.3 Shields


You had 5 spell levels left.
You didn't know any spells.
Your spell library contained the following spells:

 Spells                   Type           Power      Damage    Failure   Level
 Poisonous Vapours        Pois/Air       0%         N/A       56%         2
 Hailstorm                Conj/Ice       0%         3d3       80%         3
 Mephitic Cloud           Conj/Pois/Air  0%         N/A       80%         3
 Ice Form                 Ice/Tmut       0%         N/A       99%         4
 Freezing Cloud           Conj/Ice/Air   0%         6-21      100%        5
 Simulacrum               Ice/Necr       0%         N/A       100%        6


Dungeon Overview and Level Annotations

Branches:
Dungeon (3/15)

Altars:
Hepliaklqana
Xom


Innate Abilities, Weirdness & Mutations

You are partially covered in yellow scales. (AC +2)
A meltable icy envelope protects you from harm. (AC +4)
You are partially covered in sharp spines.
A meltable shield of frost defends you. (SH +4)


Message History

You closely miss the kobold. The wight hits you but does no damage.
The kobold barely misses you.
You closely miss the kobold. The wight hits you but does no damage.
The kobold hits you with a +0 hand axe.
* * * LOW HITPOINT WARNING * * *
You closely miss the kobold. The wight closely misses you.
The kobold hits you but does no damage.
You hit the kobold.
You kill the kobold!
The wight hits you but does no damage.
Found two daggers.
Found a stone staircase leading up.
The wight hits you with a +0 spear.
* * * LOW HITPOINT WARNING * * *
Things that are here:
a +0 hand axe; 6 stones; a scroll labelled PICKIMPORUC You closely miss the wight.
The wight hits you with a +0 spear.
* * * LOW HITPOINT WARNING * * *
You feel drained.
* * * LOW HITPOINT WARNING * * *
You block the wight's attack.
Throw: 2 throwing nets
Press: ? - help, Q - select action, (/) - cycle Shift-Dir - straight line, f - wight
Aim: a wight, wielding a +0 spear and wearing a +0 robe (60% to hit)
You throw a throwing net.
The throwing net barely misses the wight.
The wight hits you but does no damage.
Throw: throwing net
Press: ? - help, Q - select action, (/) - cycle Shift-Dir - straight line, f/p - wight
Aim: a wight, wielding a +0 spear and wearing a +0 robe (60% to hit)
You throw a throwing net.
The throwing net closely misses the wight.
The wight barely misses you.
You closely miss the wight. The wight barely misses you.
You hit the wight.
The wight is moderately damaged.
The wight hits you but does no damage.
You closely miss the wight.
The wight is moderately damaged.
The wight hits you with a +0 spear.
You die...

#.##.# #...# ## #.##.#
##...###. #.##.#
#.....##. #.##.#
###........
..#####.##.###...######.
...........##..###....##
#######.#...#.##........
#)##....#..######.
#@##...##.##....##
#...).z.#.#.#..#......#
..<......#.#.#..#..##†.#
.........#.#.#..#.(##[..
.........#...#..#.......
.).....(.#.(.##.##....#.
..########....#..######.
.. #.##.##........
#.##..###......


You could see a wight.

Vanquished Creatures
  An ogre (D:3)
  2 wights (D:3)
  Natasha (thrice) (D:2)
  An adder (D:2)
  4 worms
  4 endoplasms
  2 giant cockroaches
  4 goblins
  3 hobgoblins
  2 ball pythons (D:3)
  5 bats
  2 frilled lizards
  7 kobolds
  9 rats
49 creatures vanquished.

Notes
Turn   | Place    | Note
-------+----------+-------------------------------------------
     0 | D:1      | Skitler the Demonspawn Gladiator began the quest for the
                  | Orb.
     0 | D:1      | Reached XP level 1. HP: 16/16 MP: 1/1
   673 | D:2      | Found a hazy altar of Hepliaklqana.
   705 | D:2      | Gained mutation: You are partially covered in yellow
                  | scales. (AC +2) [demonic ancestry]
   705 | D:2      | Reached XP level 2. HP: 22/22 MP: 2/2
   713 | D:2      | Reached skill level 3 in Axes
   836 | D:2      | Noticed Natasha
   847 | D:2      | Killed Natasha
   848 | D:2      | Reached skill level 1 in Armour
   848 | D:2      | Gained mutation: A meltable shield of frost defends you.
                  | (SH +4) [demonic ancestry]
   848 | D:2      | Reached XP level 3. HP: 12/27 MP: 3/3
   974 | D:2      | Noticed Natasha
   987 | D:2      | Killed Natasha
   996 | D:2      | Gained mutation: You are partially covered in sharp spines.
                  | [demonic ancestry]
   996 | D:2      | Reached XP level 4. HP: 33/33 MP: 4/4
  1042 | D:2      | Noticed Natasha
  1047 | D:2      | Killed Natasha
  1669 | D:3      | Found a shimmering altar of Xom.
  1744 | D:3      | Reached skill level 4 in Axes
  1782 | D:3      | Noticed an ogre
  1800 | D:3      | Killed an ogre
  1801 | D:3      | Reached XP level 5. HP: 9/39 MP: 5/5
  2090 | D:3      | Gained mutation: A meltable icy envelope protects you from
                  | harm. (AC +4) [demonic ancestry]
  2090 | D:3      | Reached XP level 6. HP: 16/44 MP: 6/6
  2113 | D:3      | Slain by a wight

Illustrated notes

Levels and vault maps discovered:
D:1:      psy_arrival_spokes, layout_loops_ring
D:2:      layout_rooms, serial_forest, infiniplex_forest_straight_4,
          infiniplex_forest_straight_4, infiniplex_forest_clump_medium,
          infiniplex_forest_clump_double, infiniplex_forest_split,
          infiniplex_forest_lined_room_2, infiniplex_forest_3_way,
          infiniplex_forest_corner_2, infiniplex_forest_clump_tiny,
          infiniplex_forest_end_double, basic_altar, minmay_pentomino_x2,
          uniq_natasha
D:3:      layout_basic, mainiacjoe_overflow_catwalk,
          minmay_randomly_rotated_circles

Skill      XL: |  1  2  3  4  5  6 |
---------------+-------------------+-----
Axes           | 3 4 |  4.9
Throwing       | 2 |  2.1
Armour         | 1 |  1.9
Dodging        | 3 |  3.3
Fighting       | 3 |  3.0
Stealth        | |  0.5
Shields        | |  0.3

Action                     |  1- 3 |  4- 6 || total
---------------------------+-------+-------++-------
  Melee: War axe           |    49 |    69 ||   118
  Throw: Throwing net      |       |     4 ||     4
 Armour: Leather armour    |    24 |    21 ||    45
  Dodge: Dodged            |    30 |    31 ||    61
  Block: Other             |     3 |    18 ||    21
